 Dungeon Crawl Stone Soup version 0.32-a0-918-g0f22ef8d61 (webtiles) character file.

Game seed: 8260637019082208892

2750 DimondSprtn the Skirmisher (level 9, -6/74 HPs)
             Began as a Coglin Hunter on Apr 10, 2024.
             Was a Believer of Okawaru.
             Mangled by a juvenile oxbat beast (8 damage)
             ... on level 7 of the Dungeon.
             The game lasted 00:12:43 (5589 turns).

DimondSprtn the Skirmisher (Coglin Hunter)          Turns: 5589, Time: 00:12:43

Health: -6/74      AC:  7    Str: 11    XL:     9   Next: 68%
Magic:  8/9        EV: 14    Int:  8    God:    Okawaru [**....]
Gold:   126        SH:  0    Dex: 23    Spells: 8/8 levels left

rFire   . . .        a - +2 sling {Umi}
rCold   + . .        b - +0 sling {Teghnoor}
rNeg    . . .        m - +3 leather armour {rC+}
rPois   .            (no helmet)
rElec   .            (no cloak)
rCorr   .            (no gloves)
SInv    .            e - +0 pair of boots
Will    .....        (amulet unavailable)
Stlth   ++           (ring unavailable)
HPRegen 0.32/turn    (ring unavailable)
MPRegen 0.11/turn    (no gizmo)

%: no passive effects
@: invisible, revving
A: off-hand wielding, slow wielding, warmup strikes, no jewellery
a: Invent Gizmo, Renounce Religion, Heroism


You were on level 7 of the Dungeon.
You worshipped Okawaru.
Okawaru was pleased with you.
You visited 1 branch of the dungeon, and saw 7 of its levels.

You collected 498 gold pieces.
You spent 372 gold pieces at shops.

Inventory:

Hand Weapons
 a - a +2 sling (weapon) {Umi}
 b - a +0 sling (offhand) {Teghnoor}
Missiles
 c - a throwing net
Armour
 e - a +0 pair of boots (worn)
 m - a +3 leather armour of cold resistance (worn)
Scrolls
 f - 5 scrolls of teleportation
 j - 2 scrolls of amnesia {unknown}
 k - 5 scrolls of identify {unknown}
 l - a scroll of fear {unknown}
 n - 2 scrolls of vulnerability {unknown}
 u - a scroll of torment {unknown}
 w - a scroll of poison {unknown}
 x - a scroll of revelation {unknown}
 y - a scroll of enchant armour {unknown}
Potions
 d - 2 potions of attraction
 g - 2 potions of haste {unknown}
 h - a potion of might {unknown}
 i - 2 potions of mutation {unknown}
 o - 2 potions of curing {unknown}
 r - a potion of heal wounds
 s - a potion of brilliance
 t - a potion of cancellation
 v - a potion of enlightenment {unknown}
 z - 2 potions of lignification


   Skills:
 * Level 8.0 Fighting
 - Level 9.0 Ranged Weapons
 + Level 5.3 Dodging
 - Level 0.7 Stealth


You had 8 spell levels left.
You didn't know any spells.
Your spell library contained the following spells:

 Spells                   Type           Power      Damage    Failure   Level
 Sandblast                Erth           0%         2d4       50%         1
 Stone Arrow              Conj/Erth      0%         3d7       86%         3
 Brom's Barrelling Bould  Conj/Erth      0%         2d3       99%         4
 Lehudib's Crystal Spear  Conj/Erth      0%         10d2      100%        8
 Animate Armour           Summ/Erth      Unusable   N/A       N/A         4

Dungeon Overview and Level Annotations

Branches:
Dungeon (7/15)             Temple (0/1) D:5

Altars:
Nemelex Xobeh
Okawaru
Qazlal
Ru
Trog
Vehumet
Wu Jian
Yredelemnul
Zin
The Shining One

Shops:
D:5 !

Annotations:
D:3 Ijyb


Innate Abilities, Weirdness & Mutations

You can wield a second weapon in your off-hand.
It takes a long time for you to wield or remove held weapons.
Your first few attacks do less damage.
You cannot equip rings or amulets.


Message History

Press: ? - help, Q - select action, (/) - cycle Shift-Dir - straight line, f/p - juvenile oxbat beast
Aim: a juvenile oxbat beast (heavily wounded, unable to see you, 85% to hit)
You shoot a sling bullet.
The sling bullet hits the juvenile oxbat beast but does no damage.
The juvenile oxbat beast is heavily wounded.
You shoot a sling bullet.
The sling bullet hits the juvenile oxbat beast but does no damage.
The juvenile oxbat beast is heavily wounded.
The juvenile oxbat beast completely misses you.
The juvenile oxbat beast closely misses you.
The larval shockweird beast bursts into living lightning!
The living lightning misses you.
The larval shockweird beast blinks! x2
The juvenile oxbat beast closely misses you. x2
The larval shockweird beast bursts into living lightning!
The living lightning hits you!
The larval shockweird beast blinks!
The larval weirdshock beast barely misses you.
The larval weirdshock beast grabs you.
The larval weirdshock beast constricts you.
The larval weirdshock beast's grasp on you weakens, but your attempt to escape fails.
The juvenile oxbat beast hits you but does no damage.
The juvenile oxbat beast closely misses you.
The larval weirdshock beast hits you but does no damage.
The larval weirdshock beast constricts you!
The larval shockweird beast hits you! The larval fireweird beast hits you!
The juvenile oxbat beast closely misses you.
The juvenile oxbat beast tramples you.
You are held in place!
You escape the larval weirdshock beast's grasp.
You feel like a meek peon again.
The larval weirdshock beast bursts into living lightning!
The living lightning hits the larval shockweird beast.
The larval shockweird beast resists.
The living lightning hits you!
* * * LOW HITPOINT WARNING * * *
The larval weirdshock beast blinks!
The larval shockweird beast hits you.
* * * LOW HITPOINT WARNING * * *
The larval shockweird beast misses you. The juvenile oxbat beast hits you.
* * * LOW HITPOINT WARNING * * *
The juvenile oxbat beast misses you.
As you read the scroll labelled JUTESTR XOCAEN, it dissolves into smoke.
It was a scroll of fog.
The juvenile oxbat beast hits you!
You die...

########........#.....# #......#
...###................ #......#
##.#............##..#.###.=....#
.....##.#.......##..#..#..O<...#
##..###÷#....#......##.........#
##......#÷#............#.......#
#..#....#.##.##§§§§H##.#.......#
.....##....#..§§§§§.##......####
....###....#.##H@#####......#
...####......§§H## .#......#
......#.....#.H##.......##..#
....#.#.............#....#..#
#...#.......##..........# .#
.#.........###........
...........# #........
##.........##.......}.
............#.........


You could see 3 mutant beasts.

Vanquished Creatures
  A shadow (D:5)
  2 water moccasins
  A sky beast (D:6)
  2 black bears
  3 ice beasts
  3 ogres
  A phantom (D:5)
  2 bullfrogs (D:7)
  3 scorpions
  9 wights (D:7)
  2 mutant beasts (D:7)
  A bombardier beetle (D:5)
  4 hounds
  4 jellies
  An orc priest (D:3)
  An orc wizard (D:3)
  4 iguanas
  6 gnolls
  4 adders
  A shadow imp (D:6)
  2 white imps
  3 ribbon worms
  20 orcs
  7 endoplasms
  5 giant cockroaches
  7 hobgoblins
  2 jackals (D:1)
  5 quokkas
  13 ball pythons
  6 bats
  7 frilled lizards
  7 goblins
  5 kobolds
  3 rats
147 creatures vanquished.

Notes
Turn   | Place    | Note
-------+----------+-------------------------------------------
     0 | D:1      | DimondSprtn the Coglin Hunter began the quest for the Orb.
     0 | D:1      | Reached XP level 1. HP: 16/16 MP: 1/1
   114 | D:1      | Reached skill level 4 in Ranged Weapons
   114 | D:1      | Reached XP level 2. HP: 22/22 MP: 2/2
   453 | D:1      | Reached XP level 3. HP: 27/27 MP: 3/3
  1164 | D:2      | Reached skill level 5 in Ranged Weapons
  1164 | D:2      | Reached XP level 4. HP: 21/33 MP: 4/4
  1327 | D:3      | Noticed Ijyb
  1477 | D:3      | Found a stormy altar of Qazlal.
  1553 | D:3      | Found a sacrificial altar of Ru.
  1664 | D:3      | Found a radiant altar of Vehumet.
  1681 | D:3      | Reached XP level 5. HP: 36/38 MP: 5/5
  2202 | D:3      | Reached skill level 6 in Ranged Weapons
  2392 | D:3      | Reached XP level 6. HP: 31/44 MP: 6/6
  2705 | D:4      | Found an iron altar of Okawaru.
  2721 | D:4      | Became a worshipper of Warmaster Okawaru
  3018 | D:4      | Reached skill level 7 in Ranged Weapons
  3076 | D:4      | Found a bloodstained altar of Trog.
  3083 | D:4      | Found an ornate altar of the Wu Jian Council.
  3179 | D:5      | Entered Level 5 of the Dungeon
  3208 | D:5      | Reached XP level 7. HP: 50/50 MP: 7/7
  3311 | D:5      | Reached skill level 8 in Ranged Weapons
  3426 | D:5      | Reached * piety under Okawaru
  3478 | D:5      | Found a sparkling altar of Nemelex Xobeh.
  3606 | D:5      | Noticed a shadow
  3621 | D:5      | Killed a shadow
  3622 | D:5      | Reached skill level 9 in Ranged Weapons
  3622 | D:5      | Reached XP level 8. HP: 46/57 MP: 6/8
  3712 | D:5      | Found Inwofisy's Distillery.
  3721 | D:5      | Bought a potion of invisibility for 96 gold pieces
  3721 | D:5      | Bought a potion of lignification for 36 gold pieces
  3721 | D:5      | Bought a potion of heal wounds for 60 gold pieces
  3721 | D:5      | Bought a potion of brilliance for 48 gold pieces
  3721 | D:5      | Bought a potion of cancellation for 96 gold pieces
  3721 | D:5      | Bought a potion of attraction for 36 gold pieces
  3917 | D:5      | Found a staircase to the Ecumenical Temple.
  4200 | D:6      | Found a basalt altar of Yredelemnul.
  4278 | D:6      | Found a glowing golden altar of the Shining One.
  4398 | D:6      | Reached ** piety under Okawaru
  4399 | D:6      | Reached skill level 5 in Fighting
  4624 | D:6      | Found a glowing silver altar of Zin.
  4715 | D:6      | Reached XP level 9. HP: 69/69 MP: 9/9
  5195 | D:7      | Noticed a juvenile oxbat beast
  5401 | D:7      | Reached skill level 5 in Dodging
  5588 | D:7      | HP: 2/74 [juvenile oxbat beast (4)]
  5589 | D:7      | Mangled by a juvenile oxbat beast

Illustrated notes

Levels and vault maps discovered:
D:1:      nicolae_arrival_washed_ashore, layout_loops_cross
D:2:      layout_loops_ring
D:3:      layout_loops_ring, mainiacjoe_overflow_cross_hatched,
          nicolae_qazlal_general_emergency, nicolae_ru_great_annihilating_truth,
          nicolae_hexahallways, nicolae_figureground_pulse, uniq_ijyb
D:4:      layout_gridville, amcnicky_altar_gilded, jmf_multi_god_temple2,
          chequers_serial_rivers_micro_c
D:5:      layout_loops_cross, mainiacjoe_overflow_six_doors_small,
          minmay_temple_entry_from_below_b, serial_shops, shop, minivault_1,
          st_stairs_11, minmay_tree_intersection, serial_bayou_pond_c,
          hangedman_decor_diamond_cutter
D:6:      layout_basic, general_overflow_altar, tso_altar,
          mainiacjoe_overflow_surrounded_room
D:7:      layout_rooms, marbit_many_paths, nicolae_beast_mode

Skill      XL: |  1  2  3  4  5  6  7  8  9 |
---------------+----------------------------+-----
Ranged Weapons | 4 5 6 7 9 |  9.0
Dodging        | 2 3 5 |  5.3
Fighting       | 5 8 |  8.0
Stealth        | |  0.7

Action                     |  1- 3 |  4- 6 |  7- 9 || total
---------------------------+-------+-------+-------++-------
   Fire: Sling             |   156 |   270 |   534 ||   960
 Invoke: Heroism           |       |       |     5 ||     5
    Use: Scroll            |       |       |     2 ||     2
         Potion            |       |       |     2 ||     2
 Armour: Leather armour    |     9 |    24 |    68 ||   101
         Skin              |       |       |     3 ||     3
  Dodge: Dodged            |    13 |    17 |    69 ||    99

Table legend: (Time is in decaauts)
 A = Elapsed time spent in this place.
 B = Non-inter-level travel time spent in this place.
 C = Inter-level travel time spent in this place.
 D = Time resting spent in this place.
 E = Time spent auto-exploring this place.
 F = Levels seen in this place.
 G = Mean time per level.
                   A        B        C        D        E       F      G
               +--------+--------+--------+--------+--------+-----+--------+
         Total |   5619 |   5089 |    530 |    344 |   3749 |   7 |  802.7 |
       Dungeon |   5619 |   5089 |    530 |    344 |   3749 |   7 |  802.7 |
               +--------+--------+--------+--------+--------+-----+--------+

Top non-repeatable levels by time:
     D:3: 1095 daAuts
     D:6: 1003 daAuts
     D:5: 856 daAuts
     D:2: 726 daAuts
     D:4: 723 daAuts
     D:1: 721 daAuts
     D:7: 491 daAuts
